 Dungeon Crawl Stone Soup version 0.17.1-1-g73c8601 (webtiles) character file.

177 sirjcollins the Shield-Bearer (level 5, -4/47 HPs)
             Began as a Minotaur Fighter on Jan 9, 2016.
             Was a Follower of Trog.
             Slain by a gnoll
             ... wielding a +0 halberd
              (14 damage)
             ... on level 3 of the Dungeon.
             The game lasted 00:28:41 (2669 turns).

sirjcollins the Shield-Bearer (Minotaur Fighter)    Turns: 2669, Time: 00:28:41

Health: -4/47      AC:  8    Str: 21    XL:     5   Next: 31%
Magic:  4/4        EV:  8    Int:  5    God:    Trog [*.....]
Gold:   91         SH: 10    Dex: 10    Spells: 0 memorised, 4 levels left

rFire  . . .     SeeInvis .     o - +0 hunting sling
rCold  . . .     Clarity  .     b - +1 scale mail
rNeg   . . .     SustAt   .     c - +0 shield
rPois  .         Gourm    .     (helmet restricted)
rElec  .         Spirit   .     (no cloak)
rCorr  .         Warding  .     (no gloves)
rMut   .         Stasis   .     (no boots)
MR     .....                    (no amulet)
Stlth  ..........               (no ring)
                                (no ring)

@: not resistant to hostile enchantments, extremely unstealthy
A: retaliatory headbutt, horns 2
a: Berserk, Burn Spellbooks, Renounce Religion


You were on level 3 of the Dungeon.
You worshipped Trog.
Trog was aware of your devotion.
You were full.

You visited 1 branch of the dungeon, and saw 3 of its levels.

You collected 91 gold pieces.

Inventory:

Hand Weapons
 a - a +0 long sword
 g - a +0 spear
 l - a +1 spear of venom
 o - a +0 hunting sling (weapon)
 q - a cursed -1 dagger
 x - a +0 hunting sling
 C - a +2 flail of holy wrath
Missiles
 h - 190 stones (quivered)
 t - 17 poisoned needles
 z - 17 arrows
 A - 17 bolts
Armour
 b - a +1 scale mail (worn)
 c - a +0 shield (worn)
 m - a +0 helmet
Jewellery
 u - an uncursed ring of stealth {unknown}
Wands
 B - a wand of confusion (8)
Scrolls
 r - a scroll of fear {unknown}
 y - a scroll of identify
Potions
 d - 2 potions of might
 f - a potion of cancellation {unknown}
 j - 3 potions of haste
 k - a potion of lignification {unknown}
 n - a potion of agility {unknown}
 p - a potion of flight {unknown}
 s - 2 potions of curing {unknown}
 v - a potion of invisibility {unknown}
 w - a potion of magic {unknown}
Comestibles
 e - 2 bread rations


   Skills:
 + Level 4.6 Fighting
 + Level 2.9 Long Blades
 + Level 0.2 Slings
 + Level 4.9 Armour
 + Level 1.6 Dodging
 + Level 5.0 Shields


You had 4 spell levels left.
You didn't know any spells.

Dungeon Overview and Level Annotations

Branches:
Dungeon (3/15)

Altars:
Trog
Xom
Zin


Innate Abilities, Weirdness & Mutations

You reflexively headbutt those who attack you in melee.
You have a pair of horns on your head.


Message History

Trog accepts your kill. The gnoll hits you with a whip.
* * * LOW HITPOINT WARNING * * *
You block the gnoll's attack.
Zapping:
B - a wand of confusion (will waste charges)
Press: ? - help, Shift-Dir - straight line, f - gnoll
Aim: a gnoll, wielding a whip (chance to defeat MR: 54%)
The gnoll appears confused.
Evoking this partially-identified wand wasted a few charges.
Wield which item (- for none, * to show all)? (? for menu, Esc to quit)
o - a +0 hunting sling (weapon)
The gnoll hits you from afar with a halberd.
* * * LOW HITPOINT WARNING * * *
Firing (i - inventory):
h - 191 stones (quivered)
Press: ? - help, Shift-Dir - straight line, f/p - gnoll
Aim: a gnoll, wielding a whip (confused)
You shoot a stone. The stone barely misses the gnoll.
The stone hits the gnoll.
The gnoll is lightly wounded.
The gnoll hits you from afar with a halberd!
You die...

........##..............♣....#
........##.......)...........
..####'###....##.......P♣..# ###
..#........)..##.##.#..♣P..#..(.
..#...........##.##.......!.....
###........).###.##.)#.(........
...........### #.##..#.g........
########.#.#####.##..#..........
.... ..........@.gg.+...g......
#### ####........##..#..........
#.#########............. #..
#..####....... .# #..# .......
#..# #..# ..# # .....#.


You could see 2 gnolls.

Vanquished Creatures
  6 gnolls
  Robin (D:2)
  3 adders
  An ooze (D:2)
  A worm (D:2)
  A giant gecko (D:1)
  4 orcs (D:3)
  3 ball pythons
  5 bats
  A giant cockroach (D:2)
  3 hobgoblins
  A quokka (D:2)
  A giant newt (D:1)
  20 goblins
  8 jackals
  8 kobolds
  5 rats
72 creatures vanquished.

Notes
Turn   | Place    | Note
--------------------------------------------------------------
     0 | D:1      | sirjcollins the Minotaur Fighter began the quest for the Orb.
     0 | D:1      | Reached XP level 1. HP: 19/19 MP: 0/0
   172 | D:1      | Reached XP level 2. HP: 27/27 MP: 1/1
   231 | D:1      | Reached skill level 4 in Fighting
   479 | D:1      | Reached XP level 3. HP: 33/33 MP: 2/2
  1074 | D:2      | Found a shimmering altar of Xom.
  1093 | D:2      | Found a shimmering altar of Xom.
  1093 | D:2      | Found a shimmering altar of Xom.
  1093 | D:2      | Found a shimmering altar of Xom.
  1095 | D:2      | Found a shimmering altar of Xom.
  1096 | D:2      | Found a shimmering altar of Xom.
  1345 | D:2      | Found a glowing silver altar of Zin.
  1409 | D:2      | Reached XP level 4. HP: 37/41 MP: 3/3
  1445 | D:2      | Found a bloodstained altar of Trog.
  1458 | D:2      | Became a worshipper of Trog the Wrathful
  1633 | D:2      | Found a faded altar to an unknown god.
  1848 | D:2      | Noticed Robin
  1854 | D:2      | Reached skill level 1 in Dodging
  1869 | D:2      | Killed Robin
  1895 | D:2      | Reached * piety under Trog
  2315 | D:3      | Reached XP level 5. HP: 27/47 MP: 4/4
  2321 | D:3      | Reached skill level 5 in Shields
  2669 | D:3      | Slain by a gnoll

Action                   |  1- 3 |  4- 6 || total
-------------------------+-------+-------++-------
Melee: Long sword        |    82 |   102 ||   184
 Fire: Hunting sling     |       |     6 ||     6
Throw: Stone             |     5 |       ||     5
Evoke: Wand              |       |     1 ||     1
  Use: Scroll            |     4 |     2 ||     6
  Eat: Meat ration       |       |     2 ||     2
